 Dungeon Crawl Stone Soup version 0.29.1-13-g9f3cf754e1 (webtiles) character file.

Game seed: 16238170447225343862

1008 zlionsfan the Sneak (level 8, -1/67 HPs)
             Began as a Ghoul Delver on Feb 5, 2023.
             Was an Initiate of Qazlal.
             Slain by a steam dragon (2 damage)
             ... on level 7 of the Dungeon.
             The game lasted 00:19:08 (5757 turns).

zlionsfan the Sneak (Ghoul Delver)                  Turns: 5757, Time: 00:19:09

Health: -1/67      AC:  4    Str: 16    XL:     8   Next: 20%
Magic:  9/9        EV: 12    Int:  5    God:    Qazlal [......]
Gold:   345        SH:  0    Dex: 12    Spells: 7/7 levels left

rFire   . . .      SeeInvis +     - Unarmed
rCold   + . .      Faith    .   (no shield)
rNeg    + + +      Spirit   .   x - +2 robe {Will+}
rPois   ∞          Reflect  .   d - +0 hat {Will+}
rElec   .          Harm     .   (no cloak)
rCorr   .          Rampage  .   (no gloves)
Will    ++...                   (no boots)
Stlth   +++.......              v - amulet of regeneration
HPRegen 0.00/turn               w - ring of see invisible
MPRegen 0.11/turn               (no ring)

@: inhibited regen
A: claws 1, cold resistance 1, negative energy resistance 3, inhibited
regeneration, torment resistance 2, devour on kill
a: Renounce Religion


You were on level 7 of the Dungeon.
You worshipped Qazlal.
Qazlal was noncommittal.
You visited 1 branch of the dungeon, and saw 7 of its levels.

You collected 345 gold pieces.

Inventory:

Armour
 d - a +0 hat of willpower (worn)
 x - a +2 robe of willpower (worn)
Jewellery
 r - a ring of ice
 v - an amulet of regeneration (around neck)
 w - a ring of see invisible (left claw)
Wands
 f - a wand of digging (1)
 h - a wand of flame (57)
Scrolls
 a - a scroll of silence {unknown}
 b - a scroll of fog
 c - a scroll of magic mapping
 j - a scroll of vulnerability
 k - a scroll of immolation
 l - 2 scrolls of enchant weapon
 m - a scroll of identify
 p - 2 scrolls of poison
 t - a scroll of teleportation
Potions
 e - 3 potions of haste
 g - 3 potions of curing
 i - a potion of heal wounds {unknown}
 n - 3 potions of flight
 o - a potion of lignification {unknown}
 q - 2 potions of brilliance


   Skills:
 * Level 4.9 Fighting
 + Level 1.0 Throwing
 + Level 2.9 Armour
 + Level 2.9 Dodging
 + Level 6.6 Stealth
 * Level 6.6 Unarmed Combat
 * Level 2.8 Invocations
 + Level 0.7 Evocations


You had 7 spell levels left.
You didn't know any spells.
Your spell library contained the following spells:

 Spells                   Type           Power      Damage    Failure   Level
 Shock                    Conj/Air       0%         1d3       47%         1
 Call Canine Familiar     Summ           0%         N/A       85%         3
 Frozen Ramparts          Ice            0%         1d1       85%         3
 Portal Projectile        Hex/Tloc       0%         N/A       85%         3
 Swiftness                Air            0%         N/A       85%         3
 Airstrike                Air            0%         2d(0-16)  99%         4
 Leda's Liquefaction      Hex/Erth       0%         N/A       99%         4
 Summon Ice Beast         Ice/Summ       0%         N/A       99%         4
 Summon Lightning Spire   Summ/Air       0%         N/A       99%         4
 Lightning Bolt           Conj/Air       0%         1d11      100%        5
 Maxwell's Capacitive Co  Air            0%         ∞         100%        8
 Ice Form                 Ice/Tmut       Unusable   N/A       N/A         4
 Storm Form               Tmut/Air       Unusable   N/A       N/A         7

Dungeon Overview and Level Annotations

Branches:
Dungeon (7/15)
 Temple: D:4-7

Altars:
Dithmenos
Kikubaaqudgha
Makhleb
Nemelex Xobeh
Okawaru
Qazlal
Uskayaw
Vehumet
Xom

Shops:
D:4 *

Annotations:
D:6 1 runed translucent door, rakiston's ghost, novice MfIE


Innate Abilities, Weirdness & Mutations

You are immune to poison.
You have sharp fingernails.
Your flesh is cold resistant. (rC+)
You are immune to negative energy. (rN+++)
You do not regenerate when monsters are visible.
You are immune to unholy pain and torment.
You thrive by killing the living.


Message History

Throw: javelin
Press: ? - help, Q - select action, (/) - cycle Shift-Dir - straight line, f/p - steam dragon
Aim: a steam dragon (lightly wounded, 59% to hit)
You throw a javelin.
The javelin pierces through the steam dragon.
The steam dragon is moderately wounded.
The javelin pierces through the jelly but does no damage.
The jelly is severely wounded.
The steam dragon breathes steam at you. The ball of steam hits you!
The steam dragon bites you! The steam dragon claws you.
The steam dragon attacks as you move away!
The steam dragon bites you! The steam dragon closely misses you.
The steam dragon breathes steam at you. The ball of steam hits you!!
* * * LOW HITPOINT WARNING * * *
Aiming: Throw Flame
Press: ? - help, Shift-Dir - straight line, f/p - steam dragon
Aim: a steam dragon (moderately wounded, catching its breath, 68% to hit)
The puff of flame hits the jelly.
The jelly is almost dead.
You scratch the jelly.
You kill the jelly!
Qazlal accepts your kill.
You closely miss the steam dragon.
The steam dragon is moderately wounded.
The steam dragon closely misses you. The steam dragon barely misses you.
You claw the steam dragon!
The steam dragon is severely wounded.
The steam dragon closely misses you. The steam dragon claws you.
* * * LOW HITPOINT WARNING * * *
You closely miss the steam dragon.
The steam dragon is severely wounded.
The steam dragon breathes steam at you. The ball of steam hits you!
* * * LOW HITPOINT WARNING * * *
You scratch the steam dragon but do no damage.
The steam dragon is severely wounded.
The steam dragon misses you. The steam dragon claws you.
You die...

.... .# ### ..# $#
##.####.## $[
#.######........##.#
#...........##..#.#
#####.......((..###
#.##..#.......#
#D##..#......D....
#@##..........J...
#§####........#...
#§###...#####.....
#.......# ##..#
#####...# .. #<..#
#...# #...# ......


You could see a steam dragon (catching breath).

Vanquished Creatures
  Sigmund (D:6)
  A black bear (D:6)
  2 ice beasts
  An ogre (D:5)
  A centaur (D:5)
  2 phantoms (D:5)
  A hound (D:6)
  A jelly (D:7)
  2 iguanas (D:6)
  Robin (D:3)
  7 adders
  3 dart slugs
  8 orcs
  2 endoplasms
  2 giant cockroaches
  14 goblins
  5 hobgoblins
  2 jackals (D:2)
  3 quokkas
  4 ball pythons
  5 bats
  4 frilled lizards
  4 kobolds
  5 rats
81 creatures vanquished.

Notes
Turn   | Place    | Note
-------+----------+-------------------------------------------
     0 | D:5      | zlionsfan the Ghoul Delver began the quest for the Orb.
     0 | D:5      | Reached XP level 1. HP: 19/19 MP: 0/0
    19 | D:5      | Noticed an ice beast
    85 | D:4      | Found Diadet's Assorted Antiques.
   420 | D:3      | Reached XP level 2. HP: 15/26 MP: 1/1
  1192 | D:1      | Reached XP level 3. HP: 31/31 MP: 2/2
  1328 | D:1      | Found a faded altar of an unknown god.
  2338 | D:3      | Reached XP level 4. HP: 38/39 MP: 3/3
  3041 | D:5      | Noticed an ogre
  3059 | D:3      | Found a sparkling altar of Nemelex Xobeh.
  3062 | D:3      | Found a radiant altar of Vehumet.
  3065 | D:3      | Found an ancient bone altar of Kikubaaqudgha.
  3066 | D:3      | Found a stormy altar of Qazlal.
  3067 | D:3      | Found an iron altar of Okawaru.
  3067 | D:3      | Found a hide-covered altar of Uskayaw.
  3068 | D:3      | Found a shimmering altar of Xom.
  3071 | D:3      | Found a shadowy altar of Dithmenos.
  3072 | D:3      | Found a burning altar of Makhleb.
  3081 | D:3      | Became a worshipper of Qazlal Stormbringer
  3090 | D:3      | Noticed Robin
  3230 | D:3      | Killed Robin
  3231 | D:3      | Reached XP level 5. HP: 32/46 MP: 2/4
  3798 | D:5      | Noticed a phantom
  3881 | D:5      | Noticed a centaur
  4063 | D:5      | Killed a centaur
  4064 | D:5      | Reached skill level 1 in Armour
  4171 | D:5      | Killed a phantom
  4172 | D:5      | Reached skill level 1 in Invocations
  4172 | D:5      | Reached XP level 6. HP: 38/52 MP: 3/5
  4301 | D:5      | Reached skill level 5 in Unarmed Combat
  4866 | D:5      | Reached XP level 7. HP: 41/60 MP: 7/7
  5300 | D:6      | Found a runed translucent door.
  5301 | D:6      | Noticed Sigmund
  5305 | D:6      | Killed Sigmund
  5349 | D:6      | Noticed rakiston's ghost (novice MfIE)
  5391 | D:6      | Reached XP level 8. HP: 56/67 MP: 8/8
  5502 | D:6      | Reached skill level 1 in Throwing
  5756 | D:7      | HP: 1/67 [steam dragon/ball of steam (12)]
  5757 | D:7      | Slain by a steam dragon

Illustrated notes

Levels and vault maps discovered:
D:1:      heliophobic_arrival_henge, layout_rooms, ebering_ecumenical_altar_mist
D:2:      layout_loops_ring
D:3:      layout_basic, minitemple, uniq_robin
D:4:      layout_rooms, nicolae_stop_n_shop_2
D:5:      layout_loops_corners, bh_walls_and_bars
D:6:      minmay_inner_zag, layout_rooms, minmay_temple_entry_offerings,
          ebering_ghost_sewer_d, uniq_pikel, uniq_sigmund
D:7:      layout_loops_cross, st_stairs_2, minivault_22,
          chequers_serial_rivers_small_b, minmay_checkerbox

Skill      XL: |  1  2  3  4  5  6  7  8 |
---------------+-------------------------+-----
Stealth        | 6 |  6.6
Unarmed Combat | 3 4 5 6 |  6.6
Dodging        | 2 |  2.9
Fighting       | 4 |  4.9
Armour         | 1 2 |  2.9
Invocations    | 1 2 |  2.8
Throwing       | 1 |  1.0
Evocations     | |  0.7

Action                   |  1- 3 |  4- 6 |  7- 9 || total
-------------------------+-------+-------+-------++-------
Melee: Unarmed           |   129 |   126 |    83 ||   338
       Punch             |     1 |     2 |     1 ||     4
Throw: Javelin           |       |     5 |    12 ||    17
Evoke: Wand              |       |       |     8 ||     8
  Use: Scroll            |     1 |     6 |     5 ||    12
       Potion            |       |       |     3 ||     3
 Stab: Sleeping          |     7 |     3 |     3 ||    13
       Distracted        |     1 |       |       ||     1
Armor: Leather armour    |    32 |    21 |     7 ||    60
       Robe              |       |       |     1 ||     1
Dodge: Dodged            |    67 |    67 |    45 ||   179
